Map: Rainfall LE

Players

YodaErt

  • Race: Terran Terran
  • League: Master
  • Spawn Location: 11:00

A.I. 1 (Elite) - Winner!

  • Race: Zerg Zerg
  • Spawn Location: 5:00

VOD

Have the link to the VOD?

Description

Time

  • Played on: July 5, 2026, 11:03 a.m.
  • Length: 10:43
Show
View Real Time Build Order
Export as new Build Order

YodaErt Terran 

Build Orders: Reaper Expand 

Get SALT Encoding   

  8  0:00  SCV  
  9  0:12  SCV  
  10  0:24  SCV  
  10  0:27  Supply Depot  
  11  0:36  SCV  
  12  0:48  SCV  
  13  0:53  Barracks  
  13  1:02  Refinery  
  13  1:03  SCV  
  14  1:15  SCV  
  15  1:27  SCV  
  17  1:41  Orbital Command  
  17  1:47  Reaper  
  17  2:06  SCV  
  17  2:08  Command Center  
  18  2:18  SCV  
  18  2:20  Marine  
  20  2:23  Supply Depot  
  20  2:30  SCV  
  20  2:35  Factory  
  21  2:41  Barracks Reactor  
  21  2:44  SCV  
  22  2:56  SCV  
  23  3:08  SCV  
  24  3:14  Command Center  
  24  3:21  SCV  
  24  3:22  Orbital Command  
  25  3:31  Hellion  
  25  3:32  Hellion  
  25  3:34  SCV  
  30  3:40  Starport  
  30  3:46  SCV  
  30  3:48  SCV  
  32  3:54  Hellion  
  32  3:55  Hellion  
  36  3:58  SCV  
  36  4:00  SCV  
  36  4:02  Refinery  
  38  4:03  Barracks Tech Lab  
  38  4:09  Supply Depot  
  38  4:12  SCV x2  
  40  4:24  SCV x2  
  40  4:26  Orbital Command  
  40  4:30  Banshee  
  45  4:33  Barracks Tech Lab  
  45  4:36  SCV x2  
  47  4:46  Barracks  
  47  4:48  SCV x2  
  47  4:50  Barracks  
  47  4:52  Marine  
  50  4:54  Supply Depot, SCV  
  50  4:56  Stimpack  
  50  4:59  Factory Reactor  
  51  5:00  SCV  
  51  5:01  SCV  
  51  5:06  SCV  
  54  5:09  Marine  
  54  5:12  SCV  
  54  5:13  SCV  
  57  5:19  Refinery  
  57  5:20  Refinery, Orbital Command  
  57  5:25  Starport Reactor  
  57  5:27  Marine  
  57  5:28  SCV x2  
  60  5:37  Engineering Bay x2  
  60  5:40  SCV x2  
  62  5:45  Supply Depot, Marine x2  
  62  5:46  Marine x3  
  67  5:50  SCV  
  67  5:51  Supply Depot  
  67  5:52  SCV  
  67  5:53  SCV  
  70  6:02  SCV  
  71  6:04  Terran Infantry Weapons Level 1, Terran Infantry Armor Level 1  
  71  6:06  Marine x3, Medivac x2, SCV  
  71  6:11  Supply Depot  
  79  6:12  Marine x2  
  79  6:13  SCV  
  79  6:14  Supply Depot  
  79  6:15  SCV  
  83  6:18  SCV  
  83  6:23  Supply Depot  
  83  6:24  Marine x3  
  87  6:32  Marine x2, SCV x3, Siege Tank  
  95  6:36  Supply Depot  
  95  6:38  Combat Shield  
  95  6:42  Marine x3  
  95  6:45  Supply Depot  
  98  6:50  Marine x2, SCV x3  
  98  6:53  Medivac x2  
  107  6:58  Barracks x2  
  107  6:59  Marine x3  
  110  7:01  Supply Depot  
  110  7:03  SCV x2  
  110  7:07  SCV  
  110  7:08  Marine x2  
  113  7:11  Siege Tank  
  113  7:15  SCV x2  
  120  7:16  Supply Depot  
  120  7:19  SCV  
  120  7:22  Marine x3  
  122  7:26  Factory  
  122  7:27  SCV x2, Refinery  
  122  7:28  Marine  
  122  7:29  Marine  
  128  7:32  Armory  
  128  7:37  SCV  
  129  7:39  SCV  
  129  7:40  Marine x2  
  132  7:45  Siege Tank, Medivac x2  
  139  7:52  Barracks Reactor x2, Marine  
  140  8:01  SCV x3  
  142  8:07  Marine x3  
  142  8:08  Marine, Sensor Tower  
  142  8:10  Factory Reactor, Command Center  
  142  8:11  Marine  
  121  8:22  Terran Infantry Weapons Level 2, Terran Infantry Armor Level 2  
  121  8:24  Marine  
  121  8:25  Marine x3  
  121  8:28  Marine x4  
  121  8:29  Marine  
  121  8:31  Widow Mine  
  126  8:38  Barracks  
  126  8:39  Barracks  
  126  8:40  Barracks  
  125  8:41  Drilling Claws  
  125  8:42  Marine  
  125  8:43  Marine x3  
  125  8:47  Supply Depot, Widow Mine x2  
  133  8:48  Marine  
  133  8:49  Marine  
  133  8:50  Marine  
  133  8:51  Marine x2  
  138  8:59  Widow Mine  
  138  9:02  Marauder, Marine  
  143  9:05  Supply Depot  
  143  9:06  Marine  
  143  9:07  Marine x2  
  143  9:08  Supply Depot  
  143  9:09  Widow Mine x2, Marine x2  
  151  9:10  Marine  
  151  9:13  Marine  
  151  9:15  Concussive Shells  
  154  9:17  Supply Depot  
  154  9:21  Widow Mine  
  154  9:22  Marine  
  154  9:23  Marauder  
  159  9:24  Marine  
  159  9:25  Marine x2, Barracks Tech Lab  
  159  9:26  Barracks Tech Lab  
  159  9:27  Barracks Tech Lab  
  159  9:30  Widow Mine x2  
  159  9:31  Supply Depot  
  166  9:32  Marine  
  166  9:33  Marine x3  
  170  9:40  Marine  
  170  9:42  Marine, Widow Mine  
  170  9:43  Marine x2  
  170  9:44  Marauder  
  175  9:50  Marine x2  
  175  9:51  Marine x4, Marauder  
  175  9:52  Widow Mine x2  
  179  9:58  Marine  
  178  10:00  Marine x2  
  178  10:01  Marine  
  178  10:02  Medivac x2  
  178  10:03  Widow Mine  
  178  10:04  Planetary Fortress  
  178  10:06  Marauder  
  189  10:08  Marine x3  
  189  10:09  Marine, Marauder x2  
  189  10:12  Marine  
  189  10:13  Widow Mine  
  200  10:22  Command Center, Sensor Tower  
Show
View Real Time Build Order
Export as new Build Order

A.I. 1 (Elite) Zerg - Winner!

Build Orders: Pool First 

Get SALT Encoding   

  8  0:00  Drone  
  9  0:10  Drone  
  10  0:16  Drone  
  11  0:21  Drone  
  12  0:33  Overlord  
  12  0:51  Drone x3  
  15  1:01  Drone  
  16  1:11  Drone  
  17  1:15  Spawning Pool  
  16  1:33  Hatchery  
  16  1:36  Drone  
  16  1:40  Drone  
  16  1:43  Extractor  
  16  1:46  Drone  
  17  1:49  Extractor  
  17  1:53  Drone  
  17  2:00  Drone  
  18  2:10  Drone  
  19  2:20  Overlord  
  19  2:33  Drone  
  19  2:37  Queen  
  19  2:40  Zergling x2  
  22  2:45  Drone  
  23  3:01  Queen  
  25  3:06  Drone  
  25  3:10  Drone  
  27  3:14  Drone  
  29  3:20  Drone  
  29  3:32  Roach Warren  
  28  3:34  Drone  
  28  3:37  Drone  
  28  3:41  Zergling x2  
  31  3:43  Zergling x2  
  32  3:50  Overlord  
  32  4:08  Drone x2  
  34  4:12  Roach x3  
  40  4:20  Lair  
  40  4:25  Overlord  
  40  4:30  Overlord  
  40  4:43  Zergling x6, Roach, Drone  
  40  4:44  Drone  
  47  4:46  Drone  
  47  4:49  Drone  
  47  4:51  Drone  
  50  4:55  Roach  
  50  4:59  Roach  
  54  5:03  Overlord  
  54  5:20  Hydralisk Den  
  54  5:21  Drone  
  53  5:22  Drone  
  53  5:23  Infestation Pit  
  53  5:28  Overlord  
  53  5:31  Drone  
  53  5:33  Drone  
  56  5:35  Drone  
  56  5:37  Drone  
  56  5:40  Drone  
  56  5:41  Drone  
  59  5:46  Drone  
  59  5:47  Overlord  
  61  5:50  Drone, Hydralisk  
  61  5:53  Hydralisk  
  61  5:55  Drone  
  61  5:57  Drone  
  67  5:59  Drone  
  67  6:00  Infestor  
  67  6:01  Drone  
  71  6:05  Drone, Roach  
  71  6:10  Overlord  
  74  6:12  Drone  
  74  6:15  Drone x2  
  74  6:16  Roach  
  79  6:28  Infestor, Overlord, Drone  
  79  6:29  Roach x2  
  86  6:37  Ravager  
  86  6:39  Evolution Chamber  
  86  6:40  Drone  
  86  6:44  Evolution Chamber  
  86  6:45  Hatchery  
  85  6:51  Overlord  
  85  6:52  Drone  
  86  6:54  Drone  
  86  6:56  Roach, Ravager  
  86  6:59  Roach  
  92  7:03  Hydralisk  
  92  7:05  Zerg Missile Weapons Level 1  
  94  7:08  Hydralisk  
  94  7:09  Overlord, Zerg Ground Armor Level 1  
  96  7:19  Extractor  
  96  7:20  Infestor  
  96  7:21  Extractor, Drone  
  97  7:22  Overseer  
  97  7:37  Spine Crawler  
  97  7:38  Drone  
  97  7:41  Spine Crawler  
  97  7:42  Drone x4, Overlord  
  97  7:43  Drone x3  
  103  7:47  Infestor  
  103  7:50  Roach  
  103  7:51  Roach  
  109  7:53  Roach  
  109  7:58  Drone x3  
  113  7:59  Drone x2  
  113  8:00  Drone  
  113  8:01  Baneling Nest  
  113  8:04  Overlord  
  112  8:07  Zergling x2  
  112  8:09  Drone  
  103  8:14  Extractor, Zergling x2  
  103  8:17  Drone  
  103  8:19  Roach  
  84  8:21  Zergling x2  
  84  8:22  Roach x2  
  84  8:24  Roach  
  79  8:27  Drone  
  79  8:29  Hydralisk  
  79  8:30  Roach, Drone  
  79  8:31  Roach  
  81  8:34  Hydralisk  
  81  8:37  Drone, Overseer  
  81  8:39  Drone  
  81  8:45  Zergling x2  
  81  8:47  Drone  
  80  8:49  Drone  
  80  8:50  Baneling  
  80  8:53  Ravager  
  80  8:54  Zergling x4, Roach  
  80  8:55  Roach  
  88  8:57  Roach  
  88  9:00  Roach  
  88  9:01  Infestor, Drone, Zergling x2  
  96  9:05  Drone  
  96  9:06  Drone  
  98  9:10  Drone  
  98  9:15  Ravager, Drone  
  98  9:16  Drone  
  102  9:20  Drone  
  102  9:23  Extractor  
  102  9:25  Infestor, Roach, Drone  
  102  9:26  Zergling x2  
  102  9:27  Zergling x2  
  102  9:30  Evolution Chamber, Drone  
  108  9:34  Drone x2, Roach  
  108  9:36  Hydralisk, Drone  
  115  9:40  Drone  
  115  9:45  Baneling x2  
  115  9:46  Drone x2  
  115  9:49  Baneling x2  
  115  9:51  Zergling x2  
  97  9:55  Ravager  
  97  9:56  Zergling x2, Roach  
  97  9:57  Overlord, Zergling x2  
  97  9:58  Roach  
  95  10:01  Zergling x2  
  95  10:04  Ravager, Hydralisk  
  95  10:05  Drone, Roach  
  95  10:06  Zergling x2  
  103  10:07  Zergling x2  
  103  10:11  Roach  
  106  10:15  Baneling x2  
  106  10:16  Roach  
  106  10:17  Roach, Baneling  
  106  10:18  Baneling  
  106  10:21  Drone  
  111  10:22  Baneling x2  
  111  10:25  Baneling  
  111  10:26  Baneling, Drone  
  111  10:27  Baneling x2  
  111  10:28  Baneling x2  
Tags
 
Add a new tag
Caveats
  • Supply blocks, unpowered buildings, or Contaminate may cause inaccurate times.
  • Supply counts are checked every 10 seconds.